[Event "Titled Tuesday Blitz April 11 Early 2023"]
[White "Reefat, Bin-Sattar"]
[Black "Fajdetic, Hrvoje"]
[WhiteFideId "10200207"]
[BlackFideId "14501945"]
[WhiteElo "2462"]
[BlackElo "2185"]
[Result "1-0"]
[Round "05"]
[TimeControl "180+2"]
[Date "2023.04.11"]
[WhiteClock "0:01:44"]
[BlackClock "0:00:02"]

1. e4 c5 2. b3 Nc6 3. Bb2 e5 4. Bb5 d6 5. Bxc6+ bxc6 6. Ne2 g6 7. O-O Bg7 8. f4 f6 9. f5 gxf5 10. exf5 Ne7 11. Ng3 O-O 12. d3 Qe8 13. Qg4 Kh8 14. Nc3 Rg8 15. Qh3 Ng6 16. Rae1 d5 17. Ba3 Bf8 18. Qh5 Bxf5 19. Rxf5 Be7 20. Na4 Qf8 21. Ref1 Nf4 22. Qh4 Rg6 23. c4 Qg7 24. R1xf4 exf4 25. Qxf4 dxc4 26. bxc4 Rd8 27. Qf3 1-0


[Site "https://www.chess.com"]

[Event "Titled Tuesday Blitz April 11 Early 2023"]
[White "Yeritsyan, Hayk"]
[Black "Alahakoon, Isuru"]
[WhiteFideId "13307320"]
[BlackFideId "9900993"]
[WhiteElo "2417"]
[BlackElo "1995"]
[Result "1-0"]
[Round "05"]
[TimeControl "180+2"]
[Date "2023.04.11"]
[WhiteClock "0:00:07"]
[BlackClock "0:00:08"]

1. d4 d5 2. Nf3 Bf5 3. e3 e6 4. Bd3 Bxd3 5. Qxd3 Nd7 6. Nbd2 Ngf6 7. c3 Bd6 8. e4 dxe4 9. Nxe4 Nxe4 10. Qxe4 c6 11. O-O O-O 12. Bg5 Qc7 13. Qe2 Rae8 14. Qc2 e5 15. dxe5 Nxe5 16. Nxe5 Bxe5 17. g3 h6 18. Be3 Re6 19. Rfd1 Rfe8 20. Rd3 h5 21. Rad1 h4 22. Rd7 Qb8 23. Qf5 Rf6 24. Qg4 hxg3 25. hxg3 Rg6 26. Qf3 Bxg3 27. Qxf7+ Kh7 28. Kf1 Qe5 29. Ke2 Qh5+ 30. Qf3 Qxf3+ 31. Kxf3 Be5 32. Rxb7 Rf8+ 33. Ke2 a5 34. Rdd7 a4 35. Ra7 Re6 36. Rxa4 Bf4 37. Rdd4 Bxe3 38. fxe3 Rfe8 39. Rd3 Rh6 40. Rf4 Rh2+ 41. Rf2 Rh3 42. Kd2 c5 43. b3 c4 44. bxc4 Re4 45. Re2 Rxc4 46. Rd4 Rc5 47. Kd3 Ra5 48. Rc2 Re5 49. Re4 Rd5+ 50. Rd4 Re5 51. Re2 Ra5 52. c4 Ra3+ 53. Ke4 Rh4+ 54. Kd5 Ra5+ 55. Kc6 Rh6+ 56. Kb7 Rc5 57. Rb2 Rhc6 58. Rb4 Rc7+ 59. Kb6 R7c6+ 60. Kb7 Rc7+ 61. Kb8 Rc8+ 62. Ka7 R8c7+ 63. Rb7 R7c6 64. a4 Ra5+ 65. Kb8 Rxa4 66. Rdd7 Rg6 67. c5 Rc4 68. Rdc7 Rg5 69. c6 Rg6 70. Kc8 Rgxc6 71. Kd7 Rxc7+ 72. Rxc7 Rxc7+ 73. Kxc7 Kg6 74. e4 Kf6 75. Kd6 g5 76. e5+ Kf5 77. e6 g4 78. e7 g3 79. e8=Q g2 80. Qe3 1-0


[Site "https://www.chess.com"]

[Event "Titled Tuesday Blitz April 11 Early 2023"]
[White "sebastianmarinp"]
[Black "Mazarini41"]
[WhiteElo "2288"]
[BlackElo "2417"]
[Result "0-1"]
[Round "05"]
[TimeControl "180+2"]
[Date "2023.04.11"]
[WhiteClock "0:00:25"]
[BlackClock "0:00:18"]

1. e4 e6 2. d4 d5 3. Nc3 Bb4 4. e5 c5 5. a3 Bxc3+ 6. bxc3 Ne7 7. a4 Qc7 8. Nf3 b6 9. Bb5+ Bd7 10. O-O O-O 11. Ng5 Bxb5 12. axb5 h6 13. Nh3 a6 14. Qe2 Qb7 15. Ba3 Rc8 16. dxc5 bxc5 17. Rfb1 axb5 18. Rxb5 Qa6 19. g4 Nd7 20. Bb2 Qc6 21. Rba5 Rxa5 22. Rxa5 Qc7 23. Ra1 Qxe5 24. Qb5 Qc7 25. c4 Rb8 26. Qa5 Qxa5 27. Rxa5 Rxb2 28. Ra7 Ne5 29. Rxe7 Nxc4 30. Re8+ Kh7 31. f4 Rxc2 32. f5 exf5 33. gxf5 Nd6 34. Rd8 Nxf5 35. Rxd5 Ne3 36. Rd7 Rg2+ 37. Kh1 Rb2 38. Rxf7 Rb1+ 39. Ng1 c4 40. Rf3 c3 41. Rxe3 c2 42. Rc3 c1=Q 43. Rxc1 Rxc1 44. Kg2 Kg6 45. Nf3 Rc2+ 46. Kg3 Rc3 47. h4 Kf5 48. Kf2 Kf4 49. Nd4 Rh3 50. Ne2+ Kg4 51. Kg2 Re3 52. Ng1 Kxh4 53. Kf2 Ra3 54. Nf3+ Rxf3+ 55. Kxf3 Kh3 56. Kf2 g5 57. Kg1 g4 58. Kh1 Kg3 59. Kg1 h5 60. Kh1 Kf2 61. Kh2 g3+ 62. Kh3 g2 63. Kh4 g1=Q 0-1


[Site "https://www.chess.com"]

[Event "Titled Tuesday Blitz April 11 Early 2023"]
[White "Makhmudov, Shukhrat"]
[Black "Toktomushev, Teimur"]
[WhiteFideId "14200775"]
[BlackFideId "14176726"]
[WhiteElo "2135"]
[BlackElo "2116"]
[Result "1-0"]
[Round "05"]
[TimeControl "180+2"]
[Date "2023.04.11"]
[WhiteClock "0:00:11"]
[BlackClock "0:00:02"]

1. e4 c5 2. Nf3 e6 3. d4 cxd4 4. Nxd4 a6 5. Nc3 b5 6. a3 Bb7 7. Bd3 Nc6 8. Nxc6 Bxc6 9. O-O Qc7 10. f4 d6 11. Kh1 Be7 12. Qg4 g6 13. f5 Nf6 14. Qh3 gxf5 15. exf5 Rg8 16. Rg1 e5 17. Be2 d5 18. Bd2 d4 19. Na2 e4 20. Bb4 e3 21. Bxe7 Qxe7 22. Nb4 Ne4 23. Rgf1 Nf2+ 24. Rxf2 exf2 25. Bf1 Qe1 26. Nxc6 Qxa1 27. Qd3 Kd7 28. Nxd4 Kc7 29. Qc3+ Kd6 30. Qc6+ Ke5 31. Nf3+ Kxf5 32. Qc5+ Ke6 33. Qxf2 Rad8 34. Kg1 Rd1 35. Nd2 Rxd2 36. Qxd2 Kf6 37. Qd4+ Kg6 38. Kf2 Re8 39. Bd3+ Kh6 40. Qf6+ Kh5 41. Qxf7+ Kg5 42. Qxe8 Qxb2 43. Qe7+ Kf4 44. g3+ Kg4 45. Qh4# 1-0


[Site "https://www.chess.com"]

[Event "Titled Tuesday Blitz April 11 Early 2023"]
[White "Zhukova, Natalia"]
[Black "Skaric, Djuro"]
[WhiteFideId "14101513"]
[BlackFideId "934569"]
[WhiteElo "2297"]
[BlackElo "2282"]
[Result "0-1"]
[Round "05"]
[TimeControl "180+2"]
[Date "2023.04.11"]
[WhiteClock "0:00:04"]
[BlackClock "0:00:22"]

1. d4 d6 2. c4 g6 3. Nc3 Bg7 4. e4 Nf6 5. f4 O-O 6. Nf3 c5 7. d5 e6 8. dxe6 fxe6 9. Bd3 Nc6 10. O-O d5 11. cxd5 exd5 12. Nxd5 Bg4 13. Be3 Nd4 14. Bxd4 cxd4 15. Nxf6+ Qxf6 16. Qb3+ Kh8 17. Ne5 Be6 18. Bc4 Bxc4 19. Qxc4 Qe7 20. Qxd4 Rxf4 21. Rxf4 Bxe5 22. Qf2 Bxf4 23. Qxf4 Re8 24. Re1 Rf8 25. Qe3 Qe5 26. Re2 Rd8 27. g3 b6 28. Kg2 Kg7 29. Rc2 Rd7 30. Rf2 Re7 31. Re2 h6 32. Qd3 h5 33. h4 Kh7 34. Kh2 Rf7 35. Kg2 Qf6 36. Qe3 Qf1+ 37. Kh2 Qf6 38. e5 Qe6 39. Qe4 Re7 40. Qf4 Qxa2 41. Qf6 Qf7 42. Qxf7+ Rxf7 43. Kg2 Kg7 44. Re3 Kf8 45. Rc3 Re7 46. Re3 Kf7 47. Kf3 Ke6 48. Kf4 Rc7 49. Kg5 Kf7 50. e6+ Ke7 51. Kxg6 Rc5 52. g4 hxg4 53. h5 Rc6 54. h6 g3 55. h7 g2 56. Rg3 Rxe6+ 57. Kg7 Re1 58. Rxg2 Rh1 59. h8=Q Rxh8 60. Kxh8 Kd6 61. Kg7 Kc5 62. Kf6 Kc4 0-1


[Site "https://www.chess.com"]

[Event "Titled Tuesday Blitz April 11 Early 2023"]
[White "Chabris, Christopher"]
[Black "Kabilov, Amin"]
[WhiteFideId "2005263"]
[BlackFideId "14700859"]
[WhiteElo "2272"]
[BlackElo "2110"]
[Result "1-0"]
[Round "05"]
[TimeControl "180+2"]
[Date "2023.04.11"]
[WhiteClock "0:01:00"]
[BlackClock "0:00:24"]

1. e4 e5 2. Nf3 d6 3. d4 exd4 4. Nxd4 Nf6 5. Nc3 Be7 6. g3 d5 7. e5 Ng4 8. Bg2 Nxe5 9. Nxd5 O-O 10. Bf4 Bg4 11. Qd2 Bd6 12. Ne3 Bc8 13. O-O-O Qe8 14. Ndf5 Qa4 15. Kb1 Nc4 16. Nxc4 Bxf4 17. Qxf4 Bxf5 18. Qxf5 Qxc4 19. Bxb7 Nc6 20. b3 Qc3 21. Rd3 1-0


[Site "https://www.chess.com"]

[Event "Titled Tuesday Blitz April 11 Early 2023"]
[White "Gracia Alvarez, Gerardo Antonio"]
[Black "babbilator"]
[WhiteFideId "5109124"]
[WhiteElo "2160"]
[BlackElo "2263"]
[Result "1-0"]
[Round "05"]
[TimeControl "180+2"]
[Date "2023.04.11"]
[WhiteClock "0:00:16"]
[BlackClock "0:00:09"]

1. e4 c5 2. Nf3 e6 3. g3 Nc6 4. Bg2 Nf6 5. Qe2 d5 6. exd5 Nxd5 7. O-O Be7 8. Rd1 Bf6 9. Nc3 O-O 10. Ne4 Be7 11. d4 cxd4 12. Nxd4 Qb6 13. Nxc6 bxc6 14. c4 Nf6 15. Be3 Qc7 16. Nc5 e5 17. Rd2 Nd7 18. b4 a5 19. Nxd7 Bxd7 20. b5 Rab8 21. Rad1 Be8 22. b6 Qc8 23. c5 f5 24. Qc4+ Bf7 25. Qa4 e4 26. Rd7 Bf6 27. Rc7 Qe6 28. Qxc6 Qxa2 29. Qb5 Bc4 30. Qb1 Qe2 31. Bf1 1-0


[Site "https://www.chess.com"]

[Event "Titled Tuesday Blitz April 11 Early 2023"]
[White "Van Osch, Mees"]
[Black "lluiss"]
[WhiteFideId "1035967"]
[WhiteElo "2324"]
[BlackElo "2261"]
[Result "1-0"]
[Round "05"]
[TimeControl "180+2"]
[Date "2023.04.11"]
[WhiteClock "0:02:48"]
[BlackClock "0:02:21"]

1. e4 c5 2. Nf3 d6 3. d4 cxd4 4. Nxd4 Nf6 5. Nc3 g6 6. Be3 Bg7 7. f3 O-O 8. Qd2 Nc6 9. Nxc6 bxc6 10. Bh6 Bxh6 11. Qxh6 Qb6 12. b3 Qd4 13. Qd2 Qxc3 14. Qxc3 1-0


[Site "https://www.chess.com"]

[Event "Titled Tuesday Blitz April 11 Early 2023"]
[White "Golubev, Mikhail"]
[Black "Saiz Rodriguez, Daniel Evelio"]
[WhiteFideId "14100983"]
[BlackFideId "3523420"]
[WhiteElo "2374"]
[BlackElo "2208"]
[Result "0-1"]
[Round "05"]
[TimeControl "180+2"]
[Date "2023.04.11"]
[WhiteClock "0:00:01"]
[BlackClock "0:00:06"]

1. e4 c5 2. Nf3 Nc6 3. Nc3 g6 4. d4 cxd4 5. Nxd4 Bg7 6. Be3 Nf6 7. Nxc6 bxc6 8. e5 Ng8 9. Bd4 Qa5 10. f4 c5 11. Be3 Nh6 12. Qd5 Rb8 13. O-O-O Qb4 14. Qb3 Nf5 15. Qxb4 cxb4 16. Bxa7 Ra8 17. Nb5 O-O 18. Bc4 Ne3 19. Bd5 Nxd5 20. Rxd5 Bb7 21. Rxd7 Bc6 22. Rxe7 Bxb5 23. Rd1 Rfc8 24. e6 fxe6 25. Bd4 Bxd4 26. Rxd4 Re8 27. Rb7 Bc6 28. Rbxb4 Bxg2 29. a4 e5 30. fxe5 Rxe5 31. b3 Bc6 32. Kb2 h5 33. Rbc4 Be8 34. Rc7 Bf7 35. Rdd7 Rf5 36. c4 g5 37. Ka3 g4 38. c5 h4 39. Rd4 Rg5 40. Rf4 Rf8 41. Re7 g3 42. hxg3 hxg3 43. Rf1 g2 44. Rg1 Bd5 45. a5 Rf1 46. Re1 Rxe1 47. Rxe1 g1=Q 48. Rxg1 Rxg1 49. b4 Kf7 50. b5 Ra1+ 51. Kb4 Rb1+ 52. Ka4 Bc4 53. b6 Bb5+ 0-1


[Site "https://www.chess.com"]

[Event "Titled Tuesday Blitz April 11 Early 2023"]
[White "Palacio,Igor Da Paz"]
[Black "Inepton_Fermion"]
[WhiteFideId "2121140"]
[WhiteElo "2126"]
[BlackElo "2399"]
[Result "1-0"]
[Round "05"]
[TimeControl "180+2"]
[Date "2023.04.11"]
[WhiteClock "0:00:26"]
[BlackClock "0:00:03"]

1. e4 g6 2. d4 Bg7 3. Nc3 d5 4. exd5 Nf6 5. Bf4 Nxd5 6. Nxd5 Qxd5 7. Bxc7 Qxd4 8. Qxd4 Bxd4 9. O-O-O Nc6 10. Bb5 Bd7 11. Bxc6 Bxc6 12. Nh3 Bxg2 13. Rhe1 Bxh3 14. Rxd4 Be6 15. Be5 O-O 16. b3 Rac8 17. Kb2 Rc5 18. Bg3 Rfc8 19. c4 b5 20. cxb5 Rxb5 21. Rc1 Rxc1 22. Kxc1 f5 23. Rd8+ Kf7 24. Rb8 Rc5+ 25. Kd2 Bd5 26. f4 Be4 27. Ke3 Rc2 28. a3 Ke6 29. Kd4 Rc7 30. Rh8 h5 31. Rb8 Rd7+ 32. Kc4 Bd5+ 33. Kc5 Rc7+ 34. Kd4 1-0


[Site "https://www.chess.com"]

[Event "Titled Tuesday Blitz April 11 Early 2023"]
[White "Albuquerque Junior,Wellington S."]
[Black "Krzywda, Andrzej"]
[WhiteFideId "2151480"]
[BlackFideId "1114565"]
[WhiteElo "2109"]
[BlackElo "2155"]
[Result "1/2-1/2"]
[Round "05"]
[TimeControl "180+2"]
[Date "2023.04.11"]
[WhiteClock "0:00:14"]
[BlackClock "0:00:03"]

1. c4 e6 2. Nf3 d5 3. g3 Nf6 4. Bg2 dxc4 5. O-O a6 6. a4 Nc6 7. Qc2 e5 8. Na3 e4 9. Ng5 Bxa3 10. bxa3 O-O 11. Bb2 Bf5 12. Qxc4 Qe7 13. Bxf6 Qxf6 14. Nxe4 Qh6 15. d3 Ne5 16. Qc1 Qh5 17. Qg5 Qxg5 18. Nxg5 c6 19. Rab1 Rab8 20. Rb4 a5 21. Rb6 Nd7 22. Rb2 Nc5 23. Rc1 Nxa4 24. Rb3 h6 25. Ne4 Be6 26. Rbb1 Bd5 27. Nc3 Nxc3 28. Rxc3 Bxg2 29. Kxg2 Rfc8 30. Rb6 Rc7 31. e4 Kf8 32. d4 Ke7 33. Kf3 Kd7 34. Ke3 Kc8 35. Kd3 Re7 36. f3 Kc7 37. Rbb3 b5 38. Rb2 Rd8 39. a4 b4 40. Rc5 Kb6 41. Rbc2 Rd6 42. R5c4 Red7 43. Ke3 f6 44. f4 Rc7 45. e5 fxe5 46. fxe5 Rd8 47. Ke4 Rcd7 48. Rb2 Rd5 49. Rb3 c5 50. dxc5+ Rxc5 51. Rxc5 Kxc5 52. Kf5 Kc4 53. Rb1 b3 54. e6 Kc3 55. e7 Rb8 56. Ke6 Kc2 57. Rf1 b2 58. Rf2+ Kc3 59. Rf3+ Kd4 60. Rf1 b1=Q 61. Rxb1 Rxb1 62. e8=Q Re1+ 63. Kf7 Rxe8 64. Kxe8 Kc5 65. Kf7 Kb4 66. Kxg7 Kxa4 67. h4 Kb3 68. g4 a4 69. Kxh6 a3 70. g5 a2 71. g6 a1=Q 72. g7 Qa6+ 73. Kh7 Qd3+ 74. Kh8 Qd4 75. h5 Qf6 76. Kh7 Qf7 77. h6 Kc4 78. Kh8 Qf6 79. Kh7 Qf7 80. Kh8 Qf6 81. Kh7 Qf5+ 82. Kh8 Qf6 1/2-1/2


[Site "https://www.chess.com"]

[Event "Titled Tuesday Blitz April 11 Early 2023"]
[White "Okike, David"]
[Black "Adithya A Chullikkad"]
[WhiteFideId "8500134"]
[BlackFideId "45078734"]
[WhiteElo "2232"]
[BlackElo "1984"]
[Result "0-1"]
[Round "05"]
[TimeControl "180+2"]
[Date "2023.04.11"]
[WhiteClock "0:00:02"]
[BlackClock "0:00:07"]

1. e4 c5 2. Nf3 d6 3. d4 cxd4 4. Nxd4 Nf6 5. Nc3 a6 6. Bg5 e6 7. f4 Be7 8. Qf3 Nbd7 9. O-O-O Qc7 10. Bd3 b5 11. Rhe1 Bb7 12. Kb1 Nc5 13. a3 Nxd3 14. cxd3 O-O 15. Qh3 h6 16. Bh4 b4 17. axb4 a5 18. b5 a4 19. Rc1 a3 20. b3 a2+ 21. Ka1 Qa5 22. g4 Rfc8 23. Nde2 Nd7 24. Bxe7 Nc5 25. Bxd6 Nxb3+ 26. Kb2 a1=Q+ 27. Rxa1 Nxa1 28. Rb1 Ba6 29. bxa6 Qb6+ 30. Kc1 Qxd6 31. Rxa1 Rxa6 32. Rxa6 Qxa6 33. Qe3 Qa1+ 34. Kc2 Qa2+ 35. Kc1 Qa1+ 36. Kc2 Rb8 37. Qc1 Qa7 38. Kd2 Qf2 39. h4 Qxh4 40. Qg1 Qf6 41. e5 Qd8 42. g5 hxg5 43. Qxg5 Rb2+ 44. Ke3 Qb6+ 45. d4 Rb3 46. Kd3 Qa6+ 47. Kd2 Qa3 48. f5 Qb2+ 49. Kd3 exf5 50. Qd8+ Kh7 51. Qh4+ Kg8 52. Qd8+ Kh7 53. Qd5 Rb7 54. Qf3 g6 55. e6 fxe6 56. Qh3+ Kg7 57. Qg3 Qb6 58. Qe5+ Kf7 59. Qh2 Qa6+ 60. Ke3 Kg8 61. Qh6 Rg7 62. Qg5 Qc8 63. Qf6 Qe8 64. Kd3 Qf7 65. Qe5 Qd7 66. Qb8+ Kh7 67. Qh2+ Kg8 68. Qb8+ Kf7 69. Qe5 g5 70. d5 g4 71. Nf4 exd5 72. Ncxd5 Kg8 0-1


[Site "https://www.chess.com"]

[Event "Titled Tuesday Blitz April 11 Early 2023"]
[White "Sohier, Julien"]
[Black "Gheorghiu, Calin"]
[WhiteFideId "645346"]
[BlackFideId "1200305"]
[WhiteElo "2209"]
[BlackElo "2223"]
[Result "0-1"]
[Round "05"]
[TimeControl "180+2"]
[Date "2023.04.11"]
[WhiteClock "0:00:02"]
[BlackClock "0:00:20"]

1. e4 c5 2. Nc3 e6 3. Nf3 Nc6 4. Bb5 Nge7 5. O-O g6 6. Re1 Bg7 7. d4 Nxd4 8. Nxd4 cxd4 9. Ne2 Nc6 10. c3 Qb6 11. Bxc6 bxc6 12. Nxd4 d5 13. exd5 cxd5 14. Be3 Qa6 15. h4 O-O 16. h5 e5 17. h6 Bh8 18. Nb3 Qc6 19. Qf3 Bf5 20. Bc5 Rfe8 21. Rad1 Be4 22. Qg3 Bc2 23. Ba3 Bxd1 24. Rxd1 d4 25. cxd4 exd4 26. Qd3 Qe4 27. Nxd4 Qxd3 28. Rxd3 Rad8 29. Bc5 Re4 30. Bxa7 Bxd4 0-1


[Site "https://www.chess.com"]

[Event "Titled Tuesday Blitz April 11 Early 2023"]
[White "Manon-og, Ramon Jr."]
[Black "FuenfgegenWilly"]
[WhiteFideId "5200776"]
[WhiteElo "2390"]
[BlackElo "2235"]
[Result "1-0"]
[Round "05"]
[TimeControl "180+2"]
[Date "2023.04.11"]
[WhiteClock "0:00:34"]
[BlackClock "0:00:02"]

1. e4 e5 2. Nf3 Nc6 3. Bc4 Nf6 4. Ng5 d5 5. exd5 b5 6. Bf1 h6 7. dxc6 hxg5 8. d3 Bc5 9. Nc3 Ng4 10. Ne4 Bb6 11. Bxg5 f6 12. Be2 Nxf2 13. Nxf2 Bxf2+ 14. Kxf2 fxg5 15. Bh5+ Ke7 16. c3 Rf8+ 17. Ke1 Bf5 18. Qe2 Qd6 19. Rd1 g6 20. Bf3 Kf6 21. Rf1 Kg7 22. h3 a5 23. Qe3 b4 24. Qxg5 bxc3 25. bxc3 Bxd3 26. Rf2 e4 27. Bxe4 Rae8 28. Rxd3 Rxe4+ 29. Re3 Rfe8 30. Rfe2 Qxc6 31. Kf2 Qb6 32. h4 R8e5 33. Qg3 Qf6+ 34. Kg1 Rxe3 35. Rxe3 Rc5 36. Kh2 Kh6 37. Rf3 Rf5 38. Rxf5 gxf5 39. Qf4+ Kg6 40. Qg3+ Kh5 41. Kh3 f4 42. Qg4+ Kh6 43. c4 Qc3+ 44. Kh2 Qxc4 45. Qg5+ Kh7 46. h5 Qxa2 47. Qg6+ Kh8 48. h6 Qg8 49. Qf6+ Kh7 50. Qc6 Qf7 51. Qe4+ Kxh6 52. Qc6+ Kg5 53. Qc5+ Qf5 54. Qxc7 Kf6 55. Qb6+ Kg5 56. Qd8+ Kg6 57. Qg8+ Kf6 58. Qf8+ Ke5 59. Qc5+ Ke4 60. Qc2+ Ke5 61. Qb2+ Ke6 62. Qb6+ Kf7 63. Qc7+ Kg6 64. Qd6+ Kh5 65. Qe7 Qg5 66. Qh7+ Qh6 67. Qf5+ Qg5 68. Qh7+ Qh6 69. Qf5+ Qg5 70. Qf7+ Kh6 71. Qf8+ Kg6 72. Qd6+ Kh5 73. Qd1+ Kh4 74. Qa1 Qg3+ 75. Kh1 Qc3 76. Qxc3 1-0


[Site "https://www.chess.com"]

[Event "Titled Tuesday Blitz April 11 Early 2023"]
[White "Skytte, Rasmus"]
[Black "ArtemDyachuk"]
[WhiteFideId "1404210"]
[WhiteElo "2418"]
[BlackElo "2389"]
[Result "0-1"]
[Round "05"]
[TimeControl "180+2"]
[Date "2023.04.11"]
[WhiteClock "0:00:43"]
[BlackClock "0:00:41"]

1. e4 c6 2. d4 d5 3. exd5 cxd5 4. Bd3 Nc6 5. c3 Nf6 6. h3 g6 7. Bf4 Bg7 8. Nf3 O-O 9. O-O Bf5 10. Bxf5 gxf5 11. Nbd2 Ne4 12. Re1 e6 13. Ne5 Nxe5 14. Bxe5 Bxe5 15. dxe5 Kh8 16. Nxe4 fxe4 17. Qh5 f5 18. Rad1 Rg8 19. Rd4 Qc7 20. f4 Qg7 21. Re2 Qg3 22. Rf2 Rg6 23. Qe2 Qxh3 24. Rb4 Rag8 25. Rxb7 e3 26. Rf3 Rxg2+ 27. Kf1 Qh1# 0-1


[Site "https://www.chess.com"]

[Event "Titled Tuesday Blitz April 11 Early 2023"]
[White "Valle Maytin, Luis Enrique"]
[Black "Schuh, Karsten"]
[WhiteFideId "3503666"]
[BlackFideId "4637950"]
[WhiteElo "2225"]
[BlackElo "2138"]
[Result "0-1"]
[Round "05"]
[TimeControl "180+2"]
[Date "2023.04.11"]
[WhiteClock "0:00:02"]
[BlackClock "0:00:50"]

1. d4 f5 2. g4 d5 3. gxf5 Bxf5 4. Bg2 Nf6 5. Nc3 e6 6. Bf4 Bb4 7. e3 O-O 8. Ne2 a6 9. a3 Bd6 10. Qd2 b5 11. O-O-O Nc6 12. Bxd6 cxd6 13. Ng3 Bg6 14. e4 dxe4 15. Ncxe4 Nxe4 16. Nxe4 Rc8 17. Rhe1 Na5 18. Bh3 Re8 19. Kb1 Nc4 20. Qe2 a5 21. Ng3 Bxc2+ 22. Qxc2 Nxa3+ 23. bxa3 Rxc2 24. Kxc2 Qc7+ 25. Kb2 Qc4 26. Re3 b4 27. axb4 axb4 28. Rc1 Qxd4+ 29. Kb3 Qd5+ 30. Rc4 e5 31. Ne2 Ra8 0-1


[Site "https://www.chess.com"]

[Event "Titled Tuesday Blitz April 11 Early 2023"]
[White "Ciuffoletti, Paolo"]
[Black "Koridze, Lile"]
[WhiteFideId "807630"]
[BlackFideId "13612514"]
[WhiteElo "2143"]
[BlackElo "2047"]
[Result "0-1"]
[Round "05"]
[TimeControl "180+2"]
[Date "2023.04.11"]
[WhiteClock "0:00:01"]
[BlackClock "0:01:41"]

1. e4 c5 2. d4 cxd4 3. c3 Nf6 4. e5 Nd5 5. Qxd4 e6 6. Bc4 Nc6 7. Qe4 f5 8. Qe2 Nde7 9. Nf3 Ng6 10. O-O Qc7 11. Re1 Bc5 12. b4 Bb6 13. Na3 a6 14. Bb3 O-O 15. Nc4 Ba7 16. h4 b5 17. Na5 Nxa5 18. bxa5 Qxc3 19. h5 Ne7 20. Bg5 Nc6 21. h6 g6 22. Rac1 Qxa5 23. Rxc6 dxc6 24. Be7 Rf7 25. Bd6 c5 26. Ng5 c4 27. Nxf7 Kxf7 28. Bc2 Qb6 29. Qd2 Bb7 30. Rf1 Qd8 31. Qf4 Bd5 32. g4 Qd7 33. gxf5 gxf5 34. Bd1 Rg8+ 0-1


[Site "https://www.chess.com"]

[Event "Titled Tuesday Blitz April 11 Early 2023"]
[White "Cramling Bellon, Anna"]
[Black "Mbonu, David"]
[WhiteFideId "32009232"]
[BlackFideId "30927420"]
[WhiteElo "1972"]
[BlackElo "2373"]
[Result "0-1"]
[Round "05"]
[TimeControl "180+2"]
[Date "2023.04.11"]
[WhiteClock "0:00:08"]
[BlackClock "0:00:50"]

1. d4 Nf6 2. c4 e6 3. Nc3 Bb4 4. Qc2 O-O 5. e4 d5 6. cxd5 exd5 7. e5 Ne4 8. Bd3 f5 9. Nf3 c6 10. O-O Be6 11. Bxe4 fxe4 12. Ng5 Bf5 13. Be3 Be7 14. Nh3 Bxh3 15. gxh3 Qd7 16. Kg2 Rf3 17. Ne2 Qxh3+ 18. Kh1 Nd7 19. Ng1 Qh5 20. Nxf3 Qxf3+ 21. Kg1 Rf8 22. Qd1 Qh3 23. Kh1 Rf5 24. Rg1 Rh5 25. Rg2 Nf8 26. Qg4 Ng6 27. Rag1 Kf7 28. Qxh3 Rxh3 29. Rg3 Rh5 30. f3 Rf5 31. fxe4 dxe4 32. R3g2 Ke6 33. Rf2 Rh5 34. Rgf1 Kd5 35. Rd1 Bb4 36. Bf4 Rf5 37. Bg3 Rh5 38. Rc2 Rg5 39. a3 Be7 40. b4 h5 41. Rdc1 h4 42. Bf2 Rf5 43. Rg1 Nf4 44. Be3 Ne6 45. Rg6 Rf3 46. Bg1 Rd3 47. Rxe6 Kxe6 48. Rg2 g5 49. Rf2 e3 50. Re2 Rxd4 51. Bxe3 Rd1+ 52. Kg2 Kf5 53. Bc5 Bxc5 54. bxc5 Ke6 55. Kf3 Rd5 56. Kg4 Rxe5 57. Rxe5+ Kxe5 58. Kxg5 b6 59. Kxh4 bxc5 60. Kg4 Ke4 61. h4 c4 62. h5 c3 63. h6 c2 64. h7 c1=Q 65. h8=Q Qg1+ 66. Kh5 Qh1+ 67. Kg6 Qxh8 0-1


[Site "https://www.chess.com"]

[Event "Titled Tuesday Blitz April 11 Early 2023"]
[White "MANOJ_MISHRA123"]
[Black "KorolDimitriy75"]
[WhiteElo "2104"]
[BlackElo "2370"]
[Result "1-0"]
[Round "05"]
[TimeControl "180+2"]
[Date "2023.04.11"]
[WhiteClock "0:00:17"]
[BlackClock "0:00:04"]

1. d4 Nf6 2. Bg5 Ne4 3. h4 c5 4. d5 Qb6 5. Nd2 Nxg5 6. hxg5 Qxb2 7. g6 fxg6 8. e4 g5 9. Ngf3 g6 10. Rb1 Qc3 11. Rb3 Qa5 12. Rb5 Qc3 13. Rb3 Qf6 14. e5 Qf4 15. g3 Qg4 16. c4 Qf5 17. Bd3 Qg4 18. Bxg6+ Kd8 19. Qc2 Bg7 20. Bf5 1-0


[Site "https://www.chess.com"]

[Event "Titled Tuesday Blitz April 11 Early 2023"]
[White "Wimalasuriya, Kasun M."]
[Black "Buscar, Michael"]
[WhiteFideId "9906789"]
[BlackFideId "2603616"]
[WhiteElo "2079"]
[BlackElo "2010"]
[Result "0-1"]
[Round "05"]
[TimeControl "180+2"]
[Date "2023.04.11"]
[WhiteClock "0:02:00"]
[BlackClock "0:01:29"]

1. d4 Nf6 2. c4 g6 3. Nc3 d5 4. cxd5 Nxd5 5. e4 Nxc3 6. bxc3 Bg7 7. Bc4 O-O 8. Ne2 c5 9. Be3 cxd4 10. cxd4 Nc6 11. h4 Qa5+ 12. Kf1 h5 13. Rc1 Bg4 14. f3 Bd7 15. d5 Ne5 16. Bb3 Bb5 17. Qd2 Qa6 18. Rc7 Bf6 19. Bd4 Rac8 20. Rxc8 Rxc8 21. Bxe5 Bxe5 22. Kf2 Bxe2 23. Qxe2 Bg3+ 24. Ke3 Rc3+ 25. Kd2 Bf4+ 26. Kd1 Rc1# 0-1


[Site "https://www.chess.com"]

[Event "Titled Tuesday Blitz April 11 Early 2023"]
[White "Yurasova, Daria"]
[Black "Andrews, Todd"]
[WhiteFideId "34146919"]
[BlackFideId "2012456"]
[WhiteElo "2134"]
[BlackElo "2322"]
[Result "0-1"]
[Round "05"]
[TimeControl "180+2"]
[Date "2023.04.11"]
[WhiteClock "0:00:09"]
[BlackClock "0:00:07"]

1. d4 Nf6 2. Bg5 c5 3. d5 Qb6 4. Bxf6 exf6 5. Nd2 d6 6. e4 g6 7. Nc4 Qc7 8. a4 Bg7 9. Nf3 O-O 10. Be2 Re8 11. Nfd2 f5 12. f3 f4 13. O-O Nd7 14. c3 Ne5 15. Nxe5 Rxe5 16. Nc4 Rh5 17. Qd2 g5 18. Rfe1 Qe7 19. Bf1 Be5 20. Nxe5 Qxe5 21. b4 b6 22. a5 Rb8 23. axb6 axb6 24. bxc5 bxc5 25. Reb1 Rxb1 26. Rxb1 Kg7 27. Rb8 Bd7 28. Rb7 Be8 29. Ra7 Rh6 30. Qb2 Rg6 31. Ra8 Kh6 32. Qb8 Bd7 33. Qf8+ Qg7 34. Qxg7+ Kxg7 35. Kf2 h5 36. Ra7 Be8 37. Rb7 g4 38. Bb5 g3+ 39. hxg3 fxg3+ 40. Ke3 Bxb5 41. Rxb5 h4 42. Rb1 Kf6 43. f4 Ke7 44. Kf3 Rg8 45. Rh1 Rh8 46. Kg4 Rb8 47. Rc1 Rb2 48. Rg1 Re2 49. Kf3 Rc2 50. Kg4 Rxc3 51. Kxh4 Re3 52. Kg4 Rxe4 53. Kxg3 Rd4 54. Re1+ Kf6 55. Kf3 Rxd5 56. g4 Rd3+ 57. Ke4 Rd4+ 58. Kf3 d5 59. g5+ Kg7 60. Re7 c4 61. f5 c3 62. g6 c2 63. Rxf7+ Kg8 64. Rc7 Rc4 65. Rd7 c1=Q 66. f6 Qc3+ 67. Kf2 Rf4+ 68. Ke2 Rxf6 0-1


[Site "https://www.chess.com"]

[Event "Titled Tuesday Blitz April 11 Early 2023"]
[White "Rottenwohrer Suarez, Juan"]
[Black "Kornyukov, Alexey"]
[WhiteFideId "32068182"]
[BlackFideId "4150457"]
[WhiteElo "2174"]
[BlackElo "2352"]
[Result "1/2-1/2"]
[Round "05"]
[TimeControl "180+2"]
[Date "2023.04.11"]
[WhiteClock "0:00:13"]
[BlackClock "0:01:14"]

1. d4 d5 2. c4 e6 3. Nc3 Be7 4. cxd5 exd5 5. Bf4 Nf6 6. Nf3 O-O 7. e3 c5 8. Bd3 c4 9. Bc2 Nc6 10. O-O a6 11. a4 Bg4 12. h3 Bh5 13. Qd2 Bxf3 14. gxf3 Qd7 15. Kg2 Nb4 16. Rae1 Nxc2 17. Qxc2 Nh5 18. Be5 f6 19. Bg3 Bd6 20. Nxd5 Bxg3 21. Nb6 Qc6 22. Nxa8 Bd6 23. Rc1 Rxa8 24. Qxc4+ Qxc4 25. Rxc4 b5 26. Rc6 Be7 27. axb5 axb5 28. Rb6 b4 29. Rc1 f5 30. Rb7 Bf8 31. Rc6 Nf6 32. h4 Ra2 33. Rc8 Rxb2 34. Rbb8 Nd7 35. Rb7 Nf6 36. Rbb8 Nd7 37. Rb7 Nf6 1/2-1/2


[Site "https://www.chess.com"]